 Dungeon Crawl Stone Soup version 0.23-a0-49-gd9f7a49 (webtiles) character file.

9209 galech the Cleaver (level 11, -11/97 HPs)
             Began as a Minotaur Fighter on Aug 6, 2018.
             Was a Follower of Makhleb.
             Mangled by a blink frog (13 damage)
             ... on level 1 of the Lair of Beasts.
             The game lasted 00:11:28 (8676 turns).

galech the Cleaver (Minotaur Fighter)               Turns: 8676, Time: 00:11:29

Health: -11/97     AC: 15    Str: 26    XL:     11   Next: 20%
Magic:  12/12      EV:  6    Int:  5    God:    Makhleb [*.....]
Gold:   650        SH: 23    Dex: 13    Spells: 10/10 levels left

rFire    . . .     SeeInvis .   a - +0 war axe
rCold    . . .     Gourm    .   g - +0 large shield
rNeg     . . .     Faith    .   C - +0 plate armour
rPois    .         Spirit   .   (helmet restricted)
rElec    .         Reflect  +   (no cloak)
rCorr    .         Harm     .   (no gloves)
MR       +....                  o - +0 pair of boots
Stlth    ..........             r - +4 amulet of reflection
HPRegen  0.26/turn              k - ring of protection from magic
MPRegen  0.13/turn              (no ring)

@: mighty, about to teleport
A: retaliatory headbutt, horns 2
a: Renounce Religion


You were on level 1 of the Lair of Beasts.
You worshipped Makhleb.
Makhleb was aware of your devotion.
You were not hungry.

You visited 3 branches of the dungeon, and saw 12 of its levels.

You collected 650 gold pieces.

Inventory:

Hand Weapons
 a - a +0 war axe (weapon)
Armour
 b - a +0 scale mail
 g - a +0 large shield (worn)
 o - a +0 pair of boots (worn)
 C - a +0 plate armour (worn)
Jewellery
 k - a ring of protection from magic (left hand)
 r - a +4 amulet of reflection (around neck)
 B - an uncursed amulet of faith {unknown}
Wands
 q - a wand of disintegration (6)
 v - a wand of enslavement (12)
 y - a wand of iceblast (6)
 A - a wand of scattershot (8)
Scrolls
 c - a scroll of magic mapping {unknown}
 e - 2 scrolls of enchant armour {unknown}
 h - 3 scrolls of remove curse {unknown}
 j - 4 scrolls of teleportation
 p - 9 scrolls of identify {unknown}
 s - a scroll of fog {unknown}
 D - 4 scrolls of fear {unknown}
 E - 2 scrolls of noise {unknown}
 F - a scroll of holy word {unknown}
 G - a scroll of torment {unknown}
Potions
 d - 3 potions of might
 i - 4 potions of haste {unknown}
 l - 7 potions of curing
 m - 3 potions of flight {unknown}
 n - 2 potions of magic {unknown}
 t - 2 potions of lignification {unknown}
 u - 2 potions of brilliance {unknown}
 w - a potion of cancellation {unknown}
 x - a potion of mutation {unknown}
Comestibles
 f - 17 rations
 z - 3 chunks of flesh


   Skills:
 + Level 9.3 Fighting
 + Level 12.3 Axes
 + Level 9.0 Armour
 - Level 3.3 Dodging
 - Level 0.4 Stealth
 + Level 11.3 Shields
 + Level 2.7 Invocations


You had 10 spell levels left.
You didn't know any spells.
Your spell library contained the following spells:

 Spells                   Type           Power        Failure   Level  Hunger
 Confuse                  Hex            #.......     100%        3    ####...
 Tukima's Dance           Hex            #.......     100%        3    ####...
 Ensorcelled Hibernation  Hex/Ice        #.....       100%        2    ###....
 Corona                   Hex            #......      100%        1    ##.....
 Dazzling Spray           Conj/Hex       #.....       100%        3    ####...


Dungeon Overview and Level Annotations

Branches:
Dungeon (10/15)            Temple (1/1) D:4            Lair (1/6) D:9
    Orc: D:9-12

Altars:
Ashenzari
Cheibriados
Dithmenos
Elyvilon
Fedhas
Gozag
Hepliaklqana
Kikubaaqudgha
Makhleb
Nemelex Xobeh
Okawaru
Qazlal
Ru
Sif Muna
Trog
Uskayaw
Vehumet
Wu Jian
Xom
Yredelemnul
Zin
The Shining One

Shops:
D:5 (   D:7 (

Annotations:
D:10 Erolcha


Innate Abilities, Weirdness & Mutations

You reflexively headbutt those who attack you in melee.
You have a pair of horns on your head.


Message History

The blink frog hits you but does no damage.
Unknown command.
You slice the blink frog!!
You kill the blink frog!
Makhleb accepts your kill.
Your Armour skill increases to level 9!
You closely miss the blink frog. The blink frog hits you.
* * * LOW HITPOINT WARNING * * *
You block the blink frog's attack.
You closely miss the blink frog.
Your plate armour prevents you from hitting the blink frog.
You block the blink frog's attack. x2; The blink frog hits you.
* * * LOW HITPOINT WARNING * * *
The blink frog blinks!
Unknown command.
As you read the scroll labeled QIACVI TEAZXOAL, it crumbles to dust.
You feel strangely unstable.
It was a scroll of teleportation.
A wolf comes into view.
The blink frog hits you!
You die...

#..........#
#...#......#
#.....##...#......
###...####)...#....
##...h## ##P...#....
#.>..#.###$.......# .
#.#.†....#.......##.>
##.#.§....#...........
#....@....##.......#
####..>.F.P####.....†.#
#........#####....†.###
##.#...##.>.###..####
#......###...§.F.P#
#...F..#..........#
#####.##....###...#
###.....# #...# ##.....
.####


You could see 2 blink frogs and a wolf (wandering).

Vanquished Creatures
  A two-headed ogre (D:9)
  2 black mambas (Lair:1)
  2 blink frogs (Lair:1)
  2 hippogriffs
  6 yaks
  4 hogs (D:8)
  A human (D:8)
  2 basilisks (D:9)
  3 water moccasins
  6 porcupines
  3 ice beasts
  A black bear (D:7)
  An orc warrior (D:7)
  2 sky beasts
  A hornet zombie (D:8)
  A necrophage (D:5)
  A phantom (D:6)
  7 ogres
  9 wolves (Lair:1)
  3 crocodiles (D:9)
  4 bullfrogs
  4 scorpions
  4 wights (D:9)
  4 crimson imps
  A centaur zombie (D:9)
  A quasit (D:8)
  4 hounds
  A jelly (D:9)
  11 orc priests
  8 orc wizards
  A bullfrog skeleton (D:7)
  An iguana (D:9)
  4 worker ants
  A hound zombie (D:8)
  A hound skeleton (D:4)
  14 adders
  A howler monkey skeleton (D:8)
  4 shadow imps
  An ooze (D:4)
  An adder zombie (D:5)
  An adder skeleton (D:8)
  4 worms
  3 dart slugs (D:1)
  6 leopard geckos
  33 orcs
  3 giant cockroaches
  8 goblins
  11 hobgoblins
  21 jackals
  9 kobolds
  3 quokkas
  2 ball pythons
  6 bats
  7 frilled lizards
  A jackal skeleton (D:8)
  4 rats
  2 plants (D:9)
253 creatures vanquished.

Vanquished Creatures (others)
  A centaur (D:8)
  A fungus (D:9)
2 creatures vanquished.

Grand Total: 255 creatures vanquished

Notes
Turn   | Place    | Note
-------+----------+-------------------------------------------
     0 | D:1      | galech the Minotaur Fighter began the quest for the Orb.
     0 | D:1      | Reached XP level 1. HP: 19/19 MP: 0/0
   126 | D:1      | Reached XP level 2. HP: 10/27 MP: 1/1
   509 | D:1      | Reached XP level 3. HP: 25/33 MP: 2/2
   719 | D:2      | Found an opulent altar of Gozag.
   737 | D:2      | Reached skill level 3 in Axes
   843 | D:2      | Reached XP level 4. HP: 30/41 MP: 3/3
   867 | D:2      | Found a hazy altar of Hepliaklqana.
  1346 | D:3      | Reached XP level 5. HP: 44/47 MP: 4/4
  1393 | D:3      | Reached skill level 4 in Axes
  1602 | D:3      | Reached skill level 5 in Armour
  1622 | D:3      | Found a shadowy altar of Dithmenos.
  1993 | D:4      | Reached skill level 5 in Shields
  2090 | D:4      | Found a radiant altar of Vehumet.
  2097 | D:4      | Noticed an ogre
  2102 | D:4      | Killed an ogre
  2102 | D:4      | Reached skill level 5 in Axes
  2102 | D:4      | Reached skill level 1 in Dodging
  2102 | D:4      | Reached XP level 6. HP: 55/55 MP: 5/5
  2272 | D:4      | Reached skill level 5 in Fighting
  2331 | D:4      | Found a basalt altar of Yredelemnul.
  2514 | D:4      | Reached XP level 7. HP: 49/61 MP: 6/6
  2689 | D:4      | Found a hide-covered altar of Uskayaw.
  2770 | D:4      | Found a staircase to the Ecumenical Temple.
  2779 | Temple   | Entered the Ecumenical Temple
  3141 | D:5      | Entered Level 5 of the Dungeon
  3360 | D:5      | Found Vickik Isut's Weapon Boutique.
  3569 | D:6      | Reached skill level 6 in Axes
  3649 | D:6      | Found an ornate altar of the Wu Jian Council.
  3817 | D:6      | Reached XP level 8. HP: 41/69 MP: 7/7
  3818 | D:6      | Found an ancient bone altar of Kikubaaqudgha.
  4238 | D:7      | Found Somaqasm's Weapon Shop.
  4253 | D:7      | Reached skill level 7 in Axes
  4598 | D:7      | Reached skill level 8 in Axes
  4614 | D:7      | Found a sparkling altar of Nemelex Xobeh.
  5070 | D:7      | Noticed a hippogriff
  5072 | D:7      | Found a shimmering altar of Xom.
  5086 | D:7      | Killed a hippogriff
  5295 | D:8      | Reached XP level 9. HP: 67/75 MP: 8/8
  5306 | D:8      | Found a deep blue altar of Sif Muna.
  5387 | D:8      | Reached skill level 9 in Axes
  6117 | D:8      | Reached skill level 10 in Axes
  6327 | D:8      | Found a stormy altar of Qazlal.
  6620 | D:9      | Reached XP level 10. HP: 88/88 MP: 9/9
  6626 | D:9      | Reached skill level 10 in Shields
  6789 | D:9      | Reached skill level 11 in Axes
  7006 | D:9      | Found a staircase to the Lair.
  7062 | D:9      | Noticed a two-headed ogre
  7072 | D:9      | Killed a two-headed ogre
  7427 | D:9      | Found a burning altar of Makhleb.
  7458 | D:9      | Became a worshipper of Makhleb the Destroyer
  7838 | D:10     | Entered Level 10 of the Dungeon
  7840 | D:10     | Noticed Erolcha
  7866 | Lair:1   | Entered Level 1 of the Lair of Beasts
  7873 | D:9      | Reached skill level 12 in Axes
  7873 | D:9      | Reached skill level 1 in Invocations
  8328 | Lair:1   | Noticed a black mamba
  8345 | Lair:1   | Killed a black mamba
  8377 | Lair:1   | Noticed a spiny frog
  8523 | Lair:1   | Reached XP level 11. HP: 97/97 MP: 11/11
  8669 | Lair:1   | Reached * piety under Makhleb
  8675 | Lair:1   | HP: 1/97 [blink frog (6)]
  8676 | Lair:1   | Mangled by a blink frog

Vault maps used:
D:1:      lightli_iron_boxes, minivault_26
D:2:      lemuel_crystal_altar, first_ration, minmay_misc_feat_enclosed,
          nicolae_gozag_cash_rules_everything_around_me
D:3:      grunt_dithmenos_smoke, minmay_misc_feat_iff, feat_on_display
D:4:      minmay_door_path, vehumet_crystals, nicolae_overflow_crystal_walls,
          lemuel_temple_firewalk_b, yredelemnul_altar_generic
D:5:      serial_shops, shop
D:6:      overflow_temple_1_default, old_standard_altar
D:7:      kennysheep_mini, serial_shops, kennysheep_mini_moat, tgw_xom
D:8:      nicolae_qazlal_eye_of_the_storm, grunt_livestock, nicolae_sextant,
          grunt_ministairs_15, hex_intersection, st_stairs_13, minivault_25,
          led_sif_book
D:9:      lemuel_round_altar, minmay_lair_entry_grove
D:10:     serial_shops, nicolae_shop_stone, nrook_guardian_serpent_double,
          uniq_erolcha
Temple:   dshaligram_water_room_temple
Lair:1:   grunt_forest_large_clearings

Skill      XL: |  1  2  3  4  5  6  7  8  9 10 11 |
---------------+----------------------------------+-----
Shields        | 4 5 7 8 9 11 | 11.3
Fighting       | 4 5 6 7 9 |  9.3
Armour         | 4 5 6 7 8 9 |  9.0
Axes           | 3 5 6 8 10 12 | 12.3
Dodging        | 1 2 3 |  3.3
Invocations    | 2 |  2.7
Stealth        | |  0.4

Action                   |  1- 3 |  4- 6 |  7- 9 | 10-12 || total
-------------------------+-------+-------+-------+-------++-------
Melee: War axe           |    98 |   148 |   361 |   334 ||   941
       Headbutt          |    13 |    17 |    71 |    65 ||   166
  Use: Scroll            |       |       |       |     1 ||     1
       Potion            |       |       |       |     1 ||     1
  Eat: Chunk             |       |     6 |    13 |     5 ||    24
       Ration            |       |       |       |     1 ||     1
Armor: Scale mail        |    42 |    42 |    42 |       ||   126
       Plate armour      |       |       |    54 |   137 ||   191
Dodge: Dodged            |    37 |    35 |    43 |    35 ||   150
Block: Shield            |    60 |    48 |       |       ||   108
       Large shield      |       |    63 |   346 |   363 ||   772
       Reflection        |       |     2 |     8 |     4 ||    14

Table legend:
 A = Spawn XP
 B = Non-spawn XP
 C = Spawn XP percentage of total XP
 D = Spawn monster count
 E = Non-spawn monster count
 F = Spawn count percentage of total count
 G = Total turns spent on level
                    A         B        C        D         E        F      G
               +---------+---------+-------+---------+---------+-------+---------
         Total |       0 |   13157 |   0.0 |       0 |     252 |   0.0 |  8676
               +---------+---------+-------+---------+---------+-------+---------
           D:1 |       0 |      44 |   0.0 |       0 |      22 |   0.0 |   673
           D:2 |       0 |      73 |   0.0 |       0 |      25 |   0.0 |   650
           D:3 |       0 |     222 |   0.0 |       0 |      29 |   0.0 |   663
           D:4 |       0 |     432 |   0.0 |       0 |      26 |   0.0 |  1037
           D:5 |       0 |     194 |   0.0 |       0 |       6 |   0.0 |   306
           D:6 |       0 |     677 |   0.0 |       0 |      22 |   0.0 |   755
           D:7 |       0 |    1129 |   0.0 |       0 |      26 |   0.0 |  1082
           D:8 |       0 |    2932 |   0.0 |       0 |      39 |   0.0 |  1516
           D:9 |       0 |    4661 |   0.0 |       0 |      41 |   0.0 |  1487
        Lair:1 |       0 |    2793 |   0.0 |       0 |      16 |   0.0 |   383
               +---------+---------+-------+---------+---------+-------+---------
